Map: Pillars of Gold LE

Players

ByuN - Winner!

  • Race: Terran Terran
  • Spawn Location: 1:00

AgoElazer (Elazer)

  • Race: Zerg Zerg
  • Spawn Location: 7:00

Event: TSL 6

VOD

Have the link to the VOD?

Description

Time

  • Played on: Dec. 19, 2020, 7:28 p.m.
  • Length: 15:37

All games in this series

Show
View Real Time Build Order
Export as new Build Order

ByuN Terran - Winner!

Build Orders: Banshee Rush 

Get SALT Encoding   

  12  0:00  SCV  
  13  0:12  SCV  
  14  0:17  Supply Depot  
  14  0:24  SCV  
  15  0:39  Barracks, SCV  
  16  0:45  Refinery  
  16  0:51  SCV  
  17  1:03  SCV  
  18  1:15  SCV  
  19  1:26  Marine  
  19  1:28  Orbital Command  
  20  1:42  Command Center  
  20  1:52  Factory  
  20  1:56  SCV  
  21  2:04  Barracks Reactor  
  21  2:05  Refinery  
  21  2:08  SCV  
  22  2:14  Supply Depot  
  22  2:20  SCV  
  23  2:35  SCV  
  23  2:36  Starport  
  24  2:40  Marine  
  24  2:41  Factory Tech Lab, Marine  
  26  2:52  SCV  
  26  2:54  Orbital Command  
  27  2:58  Marine x2  
  27  3:04  SCV  
  30  3:16  Marine x2  
  30  3:18  Banshee  
  35  3:21  Cloaking Field  
  35  3:22  SCV x2  
  37  3:27  Supply Depot  
  37  3:29  Factory Tech Lab  
  37  3:31  Factory Reactor  
  37  3:35  SCV x2, Marine  
  37  3:37  Marine  
  41  3:43  Supply Depot  
  41  3:47  SCV x2  
  43  3:50  Supply Depot  
  43  3:53  Marine  
  43  3:55  Marine  
  45  3:59  SCV x2  
  45  4:02  Banshee  
  49  4:11  SCV x2  
  52  4:21  Hellion  
  52  4:22  Hellion  
  52  4:23  SCV x2  
  56  4:25  Armory  
  56  4:32  Supply Depot  
  56  4:35  SCV  
  56  4:36  SCV  
  60  4:52  Hellion x2  
  62  4:58  Starport Reactor  
  62  5:00  Barracks  
  62  5:02  Barracks  
  62  5:03  SCV x2  
  61  5:11  Supply Depot  
  61  5:13  Command Center  
  61  5:15  SCV x2  
  61  5:19  Marine  
  61  5:20  Stimpack  
  64  5:27  SCV x2  
  66  5:30  Factory Reactor  
  66  5:38  Engineering Bay  
  66  5:39  Engineering Bay, SCV x2  
  68  5:42  Supply Depot  
  68  5:43  Marine  
  69  5:51  SCV x2  
  69  5:54  Marine x2  
  73  5:57  Refinery  
  73  5:58  Refinery  
  73  5:59  Marine x2  
  73  6:01  Marine  
  76  6:04  Supply Depot  
  76  6:05  Medivac  
  76  6:06  Medivac  
  80  6:11  Hellion x2  
  80  6:14  Marine x2  
  80  6:17  Marine  
  87  6:20  Terran Infantry Weapons Level 1  
  87  6:22  Terran Infantry Armor Level 1  
  87  6:32  Orbital Command  
  87  6:35  Marine x3  
  87  6:36  Marine x2  
  92  6:40  Medivac  
  92  6:42  Medivac  
  96  6:49  Widow Mine x2  
  100  6:55  Marine x2  
  100  6:56  Marine x3  
  100  6:57  Orbital Command  
  100  6:59  Combat Shield  
  105  7:05  SCV x2  
  107  7:12  Marine  
  107  7:13  Marine  
  107  7:14  Marine x3  
  100  7:30  Marine x2  
  100  7:32  Marine x3  
  100  7:36  Widow Mine x2  
  106  7:37  SCV x3  
  106  7:38  Barracks  
  106  7:39  Barracks  
  109  7:44  Medivac  
  109  7:48  Marine x2  
  109  7:49  SCV x3  
  109  7:50  Marine  
  117  7:56  Supply Depot  
  117  8:04  SCV, Marine x2  
  117  8:05  SCV  
  116  8:06  Widow Mine  
  116  8:08  Orbital Command, Marine x2  
  116  8:09  Marine  
  105  8:16  SCV  
  105  8:17  SCV  
  102  8:21  Widow Mine  
  102  8:22  Marine x2  
  102  8:25  Marine x2  
  102  8:26  Marine  
  108  8:28  Widow Mine, SCV  
  108  8:29  SCV  
  112  8:37  SCV  
  112  8:39  Marine x2  
  112  8:40  SCV  
  115  8:41  SCV  
  115  8:43  Widow Mine  
  117  8:50  Barracks Reactor x2  
  117  8:51  Terran Infantry Weapons Level 2  
  117  8:55  Supply Depot  
  117  8:58  Terran Infantry Armor Level 2, Supply Depot x2  
  117  9:07  SCV  
  117  9:11  Marine  
  117  9:12  SCV x2  
  117  9:13  Marine  
  117  9:14  Widow Mine, Marine  
  117  9:16  Widow Mine  
  113  9:19  Marine x2  
  113  9:20  SCV  
  113  9:24  SCV x2  
  114  9:29  Marine  
  108  9:32  SCV  
  108  9:36  Widow Mine, SCV x2  
  108  9:37  Widow Mine  
  105  9:44  SCV  
  102  9:48  SCV x2, Marine x3  
  102  9:49  Marine x6  
  113  9:56  Factory, SCV  
  113  9:57  Widow Mine  
  113  9:59  Widow Mine  
  118  10:00  SCV x2  
  118  10:04  Medivac x2  
  122  10:15  Marine x5  
  122  10:16  Marine x3  
  122  10:19  Marauder  
  130  10:22  Widow Mine  
  130  10:27  Supply Depot x2  
  132  10:34  Widow Mine  
  134  10:36  Marine x4  
  134  10:37  Marine x2  
  134  10:38  Marine  
  134  10:42  Factory Tech Lab  
  141  10:50  Supply Depot, Widow Mine  
  141  10:53  Supply Depot  
  141  10:56  Widow Mine  
  145  11:02  Medivac x2, Marine x2  
  145  11:03  Marine x2  
  153  11:04  Marine x3  
  153  11:05  Marauder, Marine  
  157  11:11  Widow Mine  
  157  11:12  Widow Mine  
  157  11:18  Widow Mine  
  161  11:20  Marine x4  
  161  11:22  Marine x4  
  165  11:27  Marauder  
  165  11:28  Terran Infantry Armor Level 3  
  169  11:33  Widow Mine  
  169  11:36  Command Center  
  169  11:38  Marine x2  
  164  11:48  Marine  
  164  11:49  Marine x4  
  164  11:53  Terran Infantry Weapons Level 3  
  164  12:03  Medivac x2, Widow Mine x2  
  160  12:19  Marine x4  
  160  12:20  Marine x5  
  160  12:21  Drilling Claws, Widow Mine  
  171  12:24  Supply Depot  
  171  12:29  Supply Depot  
  171  12:33  Medivac  
  171  12:36  Concussive Shells  
  173  12:38  Medivac  
  173  12:39  Marauder, Marine x2  
  173  12:40  Widow Mine x2, Marine x3  
  157  12:44  Widow Mine  
  157  12:46  Marine x3  
  141  12:57  Marine x2  
  141  12:58  Marine x2  
  145  13:01  Widow Mine  
  145  13:05  Marine x3  
  143  13:06  Marine x2  
  143  13:08  Widow Mine x2  
  152  13:15  Marine  
  152  13:16  Marine  
  152  13:17  Marine x2  
  156  13:23  Marine  
  156  13:24  Marauder  
  156  13:26  Marine x3  
  154  13:32  Marine  
  155  13:34  Marine x2  
  155  13:38  Planetary Fortress  
  155  13:41  Marine x2  
  154  13:42  Sensor Tower  
  154  13:44  Marine x3  
  154  13:45  Marauder  
  160  13:50  Marine  
  160  13:55  Marine x2  
  162  13:58  Marine  
  162  13:59  Marine  
  162  14:01  Barracks  
  162  14:02  Marine  
  165  14:07  Marauder  
  165  14:09  Widow Mine x3  
  173  14:11  Barracks  
  173  14:13  Barracks x2, SCV x2  
  173  14:14  SCV  
  176  14:19  Marine x2  
  176  14:22  Marine x2  
  176  14:23  Marine  
  181  14:28  Marauder  
  181  14:30  Widow Mine  
  176  14:32  Medivac  
  176  14:34  Marine  
  176  14:37  Marine  
  178  14:40  Widow Mine  
  178  14:42  Medivac  
  178  14:50  Marauder  
  176  14:59  Marine  
  170  15:00  Marine x6  
  170  15:02  Medivac  
  169  15:08  Marine  
  169  15:11  Marauder  
  169  15:12  Barracks Tech Lab, Marine  
  169  15:16  Barracks Tech Lab  
  169  15:17  Marine x3  
Show
View Real Time Build Order
Export as new Build Order

AgoElazer Zerg 

Build Orders: Hatch First 

Get SALT Encoding   

  12  0:00  Drone  
  13  0:12  Overlord  
  13  0:17  Drone  
  14  0:31  Drone x2  
  16  0:50  Hatchery  
  16  0:53  Drone  
  16  0:56  Drone  
  17  1:00  Drone  
  18  1:10  Extractor  
  17  1:16  Spawning Pool  
  16  1:19  Drone  
  16  1:22  Drone  
  18  1:29  Drone  
  19  1:39  Drone  
  20  1:50  Drone  
  21  2:02  Queen x2  
  21  2:03  Zergling x2  
  21  2:05  Overlord  
  26  2:14  Zergling x2  
  26  2:15  Drone  
  28  2:16  Metabolic Boost  
  28  2:27  Drone x2  
  30  2:39  Hatchery  
  30  2:42  Drone  
  30  2:44  Drone  
  31  2:51  Queen  
  31  2:56  Overlord  
  33  3:02  Drone x2  
  33  3:03  Drone  
  36  3:10  Overlord  
  36  3:15  Drone  
  36  3:16  Queen  
  39  3:20  Drone x2  
  39  3:22  Drone  
  39  3:25  Drone  
  43  3:27  Drone  
  43  3:32  Queen  
  46  3:35  Drone  
  46  3:37  Drone  
  48  3:41  Overlord  
  48  3:51  Drone x5  
  48  3:55  Queen  
  53  4:00  Zergling x6  
  58  4:05  Drone x3  
  60  4:11  Drone  
  60  4:14  Drone x2  
  62  4:18  Overlord  
  62  4:21  Evolution Chamber  
  62  4:24  Queen  
  61  4:25  Baneling Nest  
  61  4:26  Drone x3  
  65  4:32  Overlord  
  65  4:33  Zergling x2  
  65  4:38  Zergling x10  
  71  4:42  Spore Crawler x2  
  66  4:49  Overlord  
  61  4:52  Zerg Ground Armor Level 1  
  61  4:57  Drone x3  
  61  5:04  Drone x3  
  62  5:07  Drone  
  62  5:08  Drone  
  62  5:10  Drone  
  62  5:13  Zergling x4  
  66  5:15  Baneling x4  
  66  5:18  Zergling x4  
  68  5:23  Spore Crawler  
  67  5:30  Spore Crawler  
  67  5:31  Zergling x10  
  67  5:34  Overlord  
  71  5:38  Drone x3  
  74  5:45  Drone x5  
  74  5:48  Overlord  
  74  5:49  Drone  
  80  5:55  Drone x3  
  82  5:57  Lair  
  82  5:59  Drone  
  83  6:05  Extractor x2  
  83  6:08  Drone x6  
  87  6:13  Overlord  
  87  6:16  Drone x3  
  90  6:22  Overlord  
  90  6:28  Drone x2  
  91  6:35  Overlord  
  91  6:37  Extractor x2, Drone x5  
  94  6:42  Hatchery  
  93  6:49  Drone  
  93  6:51  Hatchery  
  93  6:53  Zergling x12, Evolution Chamber  
  98  6:54  Baneling  
  98  6:55  Baneling  
  98  6:59  Zerg Ground Armor Level 2  
  98  7:04  Zergling x8  
  98  7:07  Centrifical Hooks  
  102  7:09  Baneling x3  
  102  7:13  Zergling x4  
  104  7:19  Baneling x5  
  100  7:27  Zergling x16  
  93  7:32  Zergling x4  
  93  7:33  Zergling x2  
  92  7:43  Zergling x6  
  95  7:44  Zerg Melee Weapons Level 1  
  95  7:45  Burrow, Pneumatized Carapace  
  95  7:51  Zergling x12  
  101  8:00  Zergling x6  
  97  8:09  Zergling x16  
  102  8:19  Zergling x14  
  109  8:22  Queen x2  
  109  8:25  Zergling x4  
  112  8:28  Queen  
  107  8:36  Zergling x10  
  105  8:43  Drone x6  
  105  8:47  Baneling x6  
  105  8:48  Baneling x3  
  111  8:49  Baneling  
  111  8:57  Zergling x12  
  111  8:59  Baneling x3  
  111  9:00  Baneling x2  
  115  9:03  Spore Crawler  
  115  9:05  Zergling x4  
  111  9:11  Zergling x10  
  111  9:14  Zergling x4  
  104  9:20  Overseer  
  104  9:23  Zergling x2  
  104  9:24  Zergling x12  
  105  9:27  Zergling x2  
  105  9:28  Zergling x2  
  101  9:32  Queen  
  101  9:33  Queen  
  101  9:35  Zergling x2  
  101  9:36  Zergling x2  
  93  9:44  Zergling x12  
  99  9:46  Baneling  
  99  9:47  Baneling x6  
  99  9:51  Zergling x4  
  101  9:55  Zergling x8  
  101  9:59  Zergling x6  
  105  10:02  Drone x3  
  105  10:04  Drone  
  108  10:10  Drone x5  
  112  10:18  Drone x3  
  115  10:21  Zergling x12  
  115  10:28  Baneling x10  
  121  10:29  Overseer  
  121  10:33  Zergling x6  
  124  10:41  Zerg Melee Weapons Level 2  
  124  10:42  Queen  
  126  10:47  Overlord x2  
  126  10:51  Baneling x9  
  126  11:04  Drone x4  
  116  11:11  Zergling x12  
  116  11:12  Zergling x10  
  122  11:18  Overseer  
  122  11:21  Overlord  
  120  11:27  Drone x3  
  120  11:31  Zergling x14, Hatchery  
  129  11:36  Drone x3  
  129  11:38  Drone  
  129  11:39  Drone  
  131  11:40  Drone  
  129  11:53  Zergling x24  
  129  11:54  Zergling x2  
  129  11:56  Zergling x4  
  130  12:03  Hydralisk Den  
  126  12:10  Zergling x20  
  126  12:15  Zergling x2  
  127  12:19  Zergling x2  
  127  12:20  Zergling x10  
  133  12:26  Zergling x4  
  134  12:40  Zergling x2  
  134  12:41  Zergling x18  
  116  12:45  Zergling x8  
  113  12:52  Zergling x14  
  120  12:59  Zergling x2  
  120  13:00  Zergling x6  
  120  13:02  Baneling x12  
  122  13:06  Drone  
  122  13:07  Drone  
  122  13:08  Drone x5  
  129  13:13  Zergling x2  
  129  13:14  Zergling x10  
  135  13:24  Zergling x2  
  135  13:25  Zergling x8  
  131  13:30  Hatchery  
  131  13:31  Drone x2  
  131  13:32  Infestation Pit  
  131  13:33  Baneling x10  
  131  13:35  Zergling x8  
  134  13:44  Zergling x14  
  140  13:52  Zergling x2  
  140  13:53  Zergling x4  
  140  13:58  Drone x5  
  140  14:01  Zergling x6  
  147  14:10  Zergling x2  
  147  14:11  Zergling x4  
  150  14:17  Overlord x2  
  150  14:22  Lurker Den  
  148  14:29  Zergling x20  
  128  14:39  Zergling x24  
  128  14:42  Hydralisk x3  
  132  14:58  Drone x8  
  126  15:01  Hydralisk  
  117  15:07  Hatchery  
  117  15:08  Zergling x14  
  108  15:15  Zergling x12  
Tags
 
Add a new tag
Caveats
  • Supply blocks, unpowered buildings, or Contaminate may cause inaccurate times.
  • Supply counts are checked every 10 seconds.